AoeStats
← Khirs

Nomad

505257200Analyzed
4v4 RM · 24d ago on Sep 8, 2026· 58m 11s· 8 players
Game mode
Random Map
Map size
231×231
Population
200
Speed
Normal
Resources
Standard
Victory
Conquest
Starting age
Dark Age
Ending age
Imperial Age
RankedLock teamsTeams togetherTeam positionsShared explorationLock speedFull tech treeHidden civsTurbo modeCheats
Victory
Defeat
🇧🇷 Britons · Brazil
910
+16
🇦🇷 Persians · Argentina
906
+16
🇭🇰 Celts · Hong Kong SAR China
898
+17
🇭🇰 Magyars · Hong Kong SAR China
879
+17
🇩🇪 Huns · Germany
936
-17
🇺🇸 Vikings · United States
920
-17
🇨🇳 Maya · China
899
-16
🇪🇸 Chinese · Spain
897
-16
TheDukeJukem
4:52 Loom
13:03 Feudal Age
16:32 Man-at-Arms
18:34 Scale Mail Armor
27:50 Castle Age
28:03 Long Swordsman
28:44 Squires
29:44 Gambesons
30:28 Chain Mail Armor
31:47 Padded Archer Armor
31:38 Fletching
32:00 Forging
34:26 Elite Skirmisher
Khirs
6:37 Loom
19:59 Feudal Age
20:27 Double-Bit Axe
22:02 Gold Mining
23:49 Stone Mining
26:58 Castle Age
25:41 Horse Collar
27:02 Fletching
28:18 Stone Shaft Mining
28:06 Bow Saw
32:42 Bodkin Arrow
32:38 Demolition Ship
37:59 Ballistics
37:52 Murder Holes
38:04 Heavy Plow
41:02 Imperial Age
40:20 Thumb Ring
40:28 Padded Archer Armor
42:07 Conscription
43:03 Chemistry
42:10 Bracer
42:50 Great Wall
43:37 Capped Ram
44:29 Pikeman
45:27 Leather Archer Armor
45:59 Gold Shaft Mining
46:05 Rocketry
49:43 Elite Chu Ko Nu
51:42 Siege Ram
55:59 Wheelbarrow
tonii
15:30 Feudal Age
20:21 Castle Age
18:22 Double-Bit Axe
18:20 Horse Collar
20:34 Bloodlines
23:34 Stone Mining
25:51 Husbandry
29:46 Town Watch
32:57 Fletching
33:18 Forging
33:56 Heavy Plow
34:14 Scale Barding Armor
44:46 Imperial Age
42:15 Loom
44:06 Chain Barding Armor
46:19 Iron Casting
47:27 Conscription
46:47 Cavalier
48:05 Bow Saw
47:22 Pikeman
47:55 Light Cavalry
50:31 Hussar
53:16 Squires
53:02 Arson
54:29 Elite Skirmisher
57:43 Wheelbarrow
57:08 Town Patrol
58:51 Chemistry
57:23 Halberdier
873108255
4:34 Loom
14:46 Feudal Age
15:28 Double-Bit Axe
16:12 Man-at-Arms
17:02 Stone Mining
17:03 Gold Mining
17:48 Fishing Lines
21:35 Wheelbarrow
21:42 Wheelbarrow
22:23 Town Watch
23:11 Scale Mail Armor
23:22 Forging
26:07 Castle Age
24:32 Horse Collar
25:00 Arson
25:38 Fletching
27:18 Chain Mail Armor
28:44 Iron Casting
28:30 Bow Saw
28:43 Eagle Warrior
30:32 Squires
33:46 Pikeman
38:27 Fletching
44:08 Bodkin Arrow
44:14 Padded Archer Armor
48:38 Imperial Age
47:58 Hul'che Javelineers
48:50 Leather Archer Armor
50:07 Conscription
50:48 Thumb Ring
50:55 Heavy Plow
52:44 Two-Man Saw
53:59 Halberdier
55:44 Plate Mail Armor
56:14 Bracer
Guará
20:24 Feudal Age
20:42 Man-at-Arms
22:26 Wheelbarrow
24:54 Horse Collar
29:30 Castle Age
30:09 Scale Mail Armor
30:19 Forging
31:43 Chain Mail Armor
32:01 Long Swordsman
32:43 Squires
34:38 Iron Casting
34:05 Padded Archer Armor
33:55 Fletching
36:55 Fishing Lines
47:24 Hand Cart
47:49 Double-Bit Axe
49:23 Loom
49:25 Town Watch
52:47 Stone Mining
52:48 Gold Mining
53:30 Leather Archer Armor
53:10 Bodkin Arrow
57:13 Bodkin Arrow
59:52 Imperial Age
57:37 Heavy Plow
leo67
6:26 Loom
17:08 Feudal Age
18:34 Double-Bit Axe
24:42 Castle Age
22:32 Fishing Lines
23:55 Gold Mining
23:55 Stone Mining
23:49 Horse Collar
24:26 Man-at-Arms
25:53 Forging
25:43 Scale Mail Armor
26:15 Bow Saw
25:35 Long Swordsman
26:02 Gambesons
26:46 Arson
27:35 Pikeman
28:57 Gold Shaft Mining
28:57 Stone Shaft Mining
28:32 Gillnets
31:22 Medium Warships
38:00 Imperial Age
38:13 Capped Ram
38:22 Capped Ram
41:16 Furor Celtica
41:42 Stronghold
49:49 Onager
50:37 Siege Engineers
51:34 Chemistry
50:55 Ballistics
50:16 Treadmill Crane
52:36 Iron Casting
52:16 Chain Mail Armor
53:04 Halberdier
53:59 Siege Ram
57:06 Guilds
El Lobizon Chinchu
4:36 Loom
16:04 Feudal Age
16:28 Fishing Lines
19:24 Double-Bit Axe
27:47 Castle Age
26:58 Forging
26:49 Scale Mail Armor
27:48 Pikeman
34:37 Squires
37:49 Husbandry
37:59 Bloodlines
45:15 Imperial Age
45:04 Horse Collar
45:37 Bow Saw
45:23 Heavy Camel Rider
47:47 Gillnets
52:27 Iron Casting
51:58 Scale Barding Armor
52:30 Gold Mining
55:14 Man-at-Arms
56:01 Long Swordsman
茕惺
5:35 Loom
15:54 Feudal Age
16:24 Double-Bit Axe
17:08 Gold Mining
21:57 Horse Collar
23:55 Wheelbarrow
29:52 Castle Age
28:21 Fletching
28:33 Scale Mail Armor
28:34 Padded Archer Armor
31:49 Bow Saw
32:18 Gold Shaft Mining
31:34 Stone Mining
32:19 Bodkin Arrow
32:34 Scale Barding Armor
35:22 Thumb Ring
36:41 Treadmill Crane
37:21 Ballistics
36:57 Murder Holes
37:14 Masonry
43:24 Imperial Age
42:35 Corvinian Army
43:02 Town Watch
43:45 Bloodlines
43:35 Husbandry
43:59 Chain Barding Armor
43:56 Leather Archer Armor
44:59 Conscription
45:59 Two-Man Saw
45:02 Elite Magyar Huszar
47:02 Hand Cart
47:27 Plate Barding Armor
46:17 Elite Skirmisher
47:22 Parthian Tactics
48:36 Bracer
48:52 Chain Mail Armor
49:08 Ring Archer Armor
48:45 Siege Engineers
50:43 Hoardings
50:08 Heavy Cavalry Archer
52:41 Recurve Bow
54:02 Chemistry
53:21 Pikeman
53:46 Arson
54:39 Town Patrol
55:06 Halberdier
Connection lost

Rejoining the realm…

Still unreachable

The connection could not be restored.

Session expired

The server has moved on; the page needs a fresh start.